Cogmind - Beta 14 X2 @@@ ROGUE MODE // 2024.07.28 @ 21:27:06 Player: Decinym Result: Destroyed by G-47 Trooper with Particle Gun Performance ------------- Evolutions (0) 0 Regions Visited (2) 400 Robots Destroyed (30) 150 Value Destroyed (741) 741 Prototype IDs (11) 220 Alien Tech Used (0) 0 Bonus (0) 0 TOTAL SCORE: 1511 Bonus ------- None Cogmind --------- Core Integrity 0/250 Matter 294/300 Energy 100/100 System Corruption 0% Temperature Cool (9) Movement Treading (160) Location -10/Subcaves Parts ------- > --- POWER (1) -------- Subdweller Power Source > --- PROPULSION (2) --- Light Treads Spiked Treads > --- UTILITY (2) ------ Large Storage Unit > --- WEAPON (2) ------- Subdweller Machine Gun Subdweller Machine Gun > --- INVENTORY (15) --- Spiked Treads Arachnoskeleton Humpback Light Armor Plating Makeshift Light Armor Plating Scrap Shield Subdweller Laser Subdweller Beam Cannon Heavy Assault Rifle Grenade Launcher Enhanced Flamer Peak State ------------ > --- POWER ------------ Subdweller Power Source > --- PROPULSION ------- Light Treads Spiked Treads > --- UTILITY ---------- Large Storage Unit Makeshift Light Armor Plating > --- WEAPON ----------- Subdweller Machine Gun Subdweller Machine Gun > --- INVENTORY -------- Light Treads Heat Sink Small Storage Unit Humpback Light Armor Plating Light Armor Plating Light Armor Plating Scrap Shield Subdweller Laser Subdweller Beam Cannon Subdweller Machine Gun Grenade Launcher Mining Laser [Rating: 16] Favorites ----------- Power Ion Engine Engine Ion Engine Propulsion Light Treads Treads Light Treads Leg Aluminum Leg Utility Large Storage Unit Device Heat Sink Storage Large Storage Unit Protection Light Armor Plating Weapon Subdweller Machine Gun Energy Gun Medium Laser Energy Cannon Subdweller Beam Cannon Ballistic Gun Subdweller Machine Gun Ballistic Cannon Slug Cannon Launcher Grenade Launcher Special Weapon Mining Laser Build | -11 -10 -10 ------- Run | Yrd Mat Sub Slots Evolved . | . . . Power . | . . . Propulsion . | . . . Utility . | . . . Weapon . | . . . Parts Attached 38 | . 18 20 Power 4 | . 1 3 Engine 4 | . 1 3 Core . | . . . Reactor . | . . . Propulsion 8 | . 5 3 Treads 8 | . 5 3 Leg . | . . . Wheel . | . . . Hover . | . . . Flight . | . . . Utility 9 | . 5 4 Device 1 | . 1 . Storage 3 | . 1 2 Processor . | . . . Hackware . | . . . Protection 5 | . 3 2 Artifact . | . . . Weapon 17 | . 7 10 Energy Gun . | . . . Energy Cannon 1 | . . 1 Ballistic Gun 10 | . 4 6 Ballistic Cannon 1 | . . 1 Launcher 4 | . 3 1 Special Weapon 1 | . . 1 Impact Weapon . | . . . Slashing Weapon . | . . . Piercing Weapon . | . . . Special Melee Weapon . | . . . Unidentified Prototypes . | . . . Parts Lost 4 | . 2 2 Power 1 | . . 1 Propulsion 1 | . 1 . Utility 2 | . 1 1 Weapon . | . . . Highest Loss Streak 1 | . 1 1 To Critical Strikes . | . . . Average Slot Usage (%) 97 | . 94 97 Engine 13 | . 14 13 Treads 26 | . 20 28 Leg 1 | . 6 . Device 1 | . 5 . Storage 14 | . 14 14 Protection 10 | . 3 12 Energy Cannon 2 | . . 3 Ballistic Gun 23 | . 24 22 Ballistic Cannon 1 | . . 1 Naked Turns . | . . . Heaviest Build 213 | 12 32 213 Greatest Support 40 | 20 40 40 Greatest Overweight (x) 5 | . 1 5 Average Overweight (x) . | . . . Largest Inventory Capacity 35 | . 15 35 Average Capacity 14 | . 10 15 Most Carried 18 | . 13 18 Average Carried 13 | . 7 14 Final Capacity 15 | 8 15 15 Final Carried 15 | 6 13 15 Class Distribution -------------------- 88% | Mutant 8% | Scavenger-Mutant Dominant Class ---------------- Mutant | -10/Materials Mutant | -10/Subcaves Resources | -11 -10 -10 ----------- Run | Yrd Mat Sub Matter Collected 1119 | 169 431 519 Remotely . | . . . Salvage Created 803 | . 443 360 Parts 61 | . 37 24 Haulers Intercepted 2 | . 2 . Recyclers Shooed . | . . . Parts Field Recycled . | . . . Retrieved Matter . | . . . Parts Self-Destructed 8 | . . 8 Prevented . | . . . Kills | -11 -10 -10 ------- Run | Yrd Mat Sub Combat Hostiles Destroyed 20 | . 10 10 Guns 12 | . 6 6 Cannons 2 | . . 2 AOE 6 | . 4 2 Classes Destroyed 8 | . 6 2 Worker 4 | . 4 . Hauler 2 | . 2 . Operator 1 | . 1 . Watcher 3 | . 3 . Swarmer 4 | . 3 1 Grunt 7 | . 7 . Sentry 1 | . . 1 Subdweller 8 | . . 8 Best Kill Streak 7 | . 7 3 Combat Bots Only 5 | . 5 3 Max Kills in Single Turn 2 | . 2 2 Gunslinging . | . . . Exploded 2 | . 1 2 Melee . | . . . Uniques/NPCs Destroyed . | . . . Combat | -11 -10 -10 -------- Run | Yrd Mat Sub Hostile Shots Fired 91 | . 43 48 Missed 28 | . 13 15 Damage Taken 1256 | . 444 812 Core 255 | . 41 214 Absorbed by Shields . | . . . Regen/Repaired (Parts) 44 | . 44 . Core Remaining (%) 100 | 100 . . Volleys Fired 108 | . 47 61 Largest 2 | . 2 2 Hottest 110 | . 100 110 Shots Fired 203 | . 87 116 Gun 179 | . 80 99 Cannon 12 | . . 12 Launcher 11 | . 7 4 Special 1 | . . 1 Kinetic 179 | . 72 107 Thermal 13 | . 8 5 Explosive 11 | . 7 4 Electromagnetic . | . . . Robot Hit Streak 14 | . 11 14 Robot Miss Streak 3 | . 3 2 Penetration Max . | . . . Secondary Targets . | . . . Shots Hit Robots 116 | . 61 55 Core Hits 56 | . 34 22 Critical Kills 3 | . . 3 Critical Parts Destroyed . | . . . Critical Strikes 4 | . 1 3 Burn 1 | . 1 . Destroy 3 | . . 3 Melee Attacks . | . . . Impact . | . . . Slashing . | . . . Piercing . | . . . Sneak Attacks . | . . . Combat Hostiles . | . . . Follow-up Attacks . | . . . Damage Inflicted 2746 | . 1254 1492 Guns 1663 | . 768 895 Cannons 208 | . . 208 Explosions 845 | . 456 389 Melee . | . . . Ramming 30 | . 30 . Kinetic 1756 | . 679 1077 Thermal 115 | . 89 26 Explosive 845 | . 456 389 Electromagnetic . | . . . Impact . | . . . Slashing . | . . . Piercing . | . . . Highest Corruption . | . . . Average Corruption . | . . . Corruption Purged . | . . . Corruption Blocked . | . . . Overload Shots . | . . . Overflow Damage 2 | . 2 . Projectiles . | . . . Explosions 2 | . 2 . Melee . | . . . Knockbacks 2 | . 1 1 Impact 1 | . 1 . Kinetic 1 | . . 1 Secondary . | . . . Self-Inflicted Damage 45 | . . 45 Shots 3 | . . 3 Rammed 3 | . 3 . Targets Rammed 7 | . 7 . Kicked 3 | . 3 . Crushed 1 | . 1 . Highest Temperature 181 | . 181 . Average Temperature 55 | . 55 . Received Heat Transfer 306 | . 222 84 Siege Activations . | . . . Robots Corrupted . | . . . Combat Hostiles . | . . . Parts Fried . | . . . Impact Corruptions . | . . . Robots Melted . | . . . Combat Hostiles . | . . . Parts Melted . | . . . Heat Transferred 370 | . 333 37 Parts Sabotaged . | . . . Parts Stolen . | . . . Parts Stripped . | . . . Power Chain Reactions . | . . . Alert | -11 -10 -10 ------- Run | Yrd Mat Sub Peak Influence 315 | . 315 . Initial . | . . . Average 68 | . 68 . Maximum Alert Level 1 | . 1 . Low Security (%) 93 | . 93 . Level 1 6 | . 6 . Level 2 . | . . . Level 3 . | . . . Level 4 . | . . . Level 5 . | . . . High Security . | . . . Max Security . | . . . Squads Dispatched 2 | . 2 . Investigation . | . . . Extermination . | . . . Reinforcement 2 | . 2 . Assault . | . . . Garrison . | . . . Intercept . | . . . Searches Triggered . | . . . Construction Impeded . | . . . Haulers Reinforced . | . . . Active Scanning Responses . | . . . Cargo Convoy Interrupts . | . . . Stealth | -11 -10 -10 --------- Run | Yrd Mat Sub Distress Signals 1 | . 1 . Communications Jammed . | . . . Distress Signals . | . . . Times Spotted 30 | . 17 13 Peak Tracking Total 5 | . 5 3 Tactical Retreats 2 | . 1 1 Traps | -11 -10 -10 ------- Run | Yrd Mat Sub Traps Triggered 5 | . 2 3 Indirectly . | . . . Trap Hack Attempts . | . . . Triggered . | . . . Disarmed . | . . . Reprogrammed . | . . . Reused . | . . . Traps Extracted . | . . . Installed . | . . . Triggered . | . . . Machines | -11 -10 -10 ---------- Run | Yrd Mat Sub Machines Disabled 1 | . . 1 Max in Single Turn 1 | . . 1 Machines Repaired . | . . . Machines Dismantled . | . . . Machines Sabotaged . | . . . Overloaded Fab Kills . | . . . Hacking | -11 -10 -10 --------- Run | Yrd Mat Sub Machines Accessed 8 | . 6 2 Terminals 5 | . 5 . Fabricators . | . . . Repair Stations 1 | . 1 . Recycling Units . | . . . Scanalyzers . | . . . Garrison Access . | . . . Total Hacks 37 | . 25 12 Successful 25 | . 13 12 Failed 12 | . 12 . Catastrophic 3 | . 3 . Database Lockouts . | . . . Manual 17 | . 17 . Terminals 18 | . 18 . Fabricators . | . . . Repair Stations 7 | . 7 . Recycling Units . | . . . Scanalyzers . | . . . Garrison Access . | . . . Terminal Hacks 15 | . 3 12 Record 11 | . . 11 Part Schematic 2 | . 2 . Unreport Threat 1 | . 1 . Derelict Proto ID Bank 1 | . . 1 Fabricator Hacks . | . . . Repair Station Hacks 4 | . 4 . Scan Component 3 | . 3 . Repair 1 | . 1 . Recycling Unit Hacks . | . . . Scanalyzer . | . . . Garrison Access Hacks . | . . . Unauthorized Hacks 6 | . 6 . Terminals 6 | . 6 . Botnet 1 | . 1 . Disrupt 1 | . 1 . Skim 4 | . 4 . Fabricators . | . . . Repair Stations . | . . . Recycling Units . | . . . Scanalyzers . | . . . Garrison Access . | . . . Data Cores Recovered . | . . . Used . | . . . Hacking Detections 6 | . 6 . Full Trace Events 1 | . 1 . Feedback Events . | . . . Feedback Blocked . | . . . Robot Schematics Acquired . | . . . Robots Built . | . . . Authchips . | . . . Time . | . . . Total Robot Build Rating . | . . . Part Schematics Acquired 2 | . 2 . Parts Built . | . . . Authchips . | . . . Time . | . . . Total Part Build Rating . | . . . Parts Repaired 1 | . 1 . Time 13 | . 13 . Parts Recycled . | . . . Recycled Matter . | . . . Retrieved Matter . | . . . Retrieved Components . | . . . Parts Scanalyzed . | . . . Part Schematics Acquired . | . . . Parts Damaged . | . . . Bothacking | -11 -10 -10 ------------ Run | Yrd Mat Sub Used RIF Installer . | . . . Robots Hacked . | . . . Non-combat . | . . . Combat . | . . . Robot Hacks Applied . | . . . Relay Couplers Released . | . . . Fabnet Peak Effective % . | . . . Robots Rewired . | . . . Allies Hacked . | . . . Hacks Repelled . | . . . Allies | -11 -10 -10 -------- Run | Yrd Mat Sub Total Allies . | . . . Largest Group . | . . . Highest-Rated Group . | . . . Highest-Rated Ally . | . . . Total Orders . | . . . Ally Attacks . | . . . Total Damage . | . . . Kills . | . . . Allies Corrupted . | . . . Allies Melted . | . . . Intel | -11 -10 -10 ------- Run | Yrd Mat Sub Robot Analysis Total . | . . . Derelict Logs Recovered 1 | . . 1 Drone Launches . | . . . Drone Recoveries . | . . . Exploration | -11 -10 -10 ------------- Run | Yrd Mat Sub Turns Passed 4803 | . 1051 3752 Spaces Moved 2555 | 1 568 1986 Core . | . . . Treads 2388 | . 402 1986 Legs 167 | 1 166 . Wheels . | . . . Hover . | . . . Flight . | . . . Fastest Speed 120 | 120 120 160 Average Speed 169 | 120 148 175 Slowest Speed 610 | 120 240 610 Overloaded Moves . | . . . Propulsion Burnouts . | . . . Robots Hopped . | . . . Cave-ins Triggered . | . . . Exploration Rate (%) 60 | 2 84 95 Regions Visited 2 Branch Regions 1 Pre-discovered Areas 1 | . . 1 Known Exits Taken . | . . . Unknown Exits Taken 2 | 1 1 . Scrap Searched 7 | . . 7 Spaces Dug 5 | . 5 . Terrain Destroyed 28 | . 18 10 Melee . | . . . Projectile 1 | . . 1 AOE 27 | . 18 9 Terrain Rammed . | . . . Walls Destroyed . | . . . Machines Disabled . | . . . Actions | -11 -10 -10 --------- Run | Yrd Mat Sub Total 2821 | . 679 2142 Wait 48 | . 26 22 Move 2553 | . 567 1986 Hop . | . . . Pick Up 40 | . 9 31 Fast Attach 11 | . 4 7 Attach 6 | . 2 4 Detach 2 | . 1 1 Swap 21 | . 12 9 Drop 25 | . 4 21 Fire 108 | . 47 61 Melee . | . . . Ram . | . . . Kick 3 | . 3 . Crush 4 | . 4 . Escape Stasis . | . . . Rewire . | . . . Trap . | . . . Miscellaneous . | . . . Route ------- -11/Scrapyard -10/Materials (discovered 4 exits: [*Mat x2] / [*Min] / *Sub) -10/Subcaves (discovered 3 exits: [*Mat x2] / Rec) History --------- Turn | Location | Event 1 | -11/Scrapyard | Discovered new exit (range 0) 1 | -11/Scrapyard | Entered Materials 303 | -10/Materials | Discovered new exit (range 7) 310 | -10/Materials | Build established: Mutant 463 | -10/Materials | Discovered new exit (range 4) 811 | -10/Materials | Repaired Lgt. Treads 845 | -10/Materials | Discovered new exit (range 13) 1039 | -10/Materials | Discovered new exit (range 9) 1052 | -10/Materials | Entered Subcaves 1174 | -10/Subcaves | Shifting Twisted Machinery released Sub. Power Source 1174 | -10/Subcaves | Shifting Twisted Machinery released Battle Cannon 1174 | -10/Subcaves | Learned Materials security intel 1235 | -10/Subcaves | Shifting Twisted Machinery released Sub. Machine Gun 1238 | -10/Subcaves | Shifting Twisted Machinery released Mak. Flight Unit 1471 | -10/Subcaves | A swath of the cavern ceiling suddenly collapsed 1724 | -10/Subcaves | Ambushed by Subdwellers from Twisted Machinery 1750 | -10/Subcaves | Core integrity fell below 50% 2461 | -10/Subcaves | Discovered new exit (range 16) 3244 | -10/Subcaves | Learned location of Zion (-7) 3244 | -10/Subcaves | Met a Zionite searching for "candidates" 3255 | -10/Subcaves | Visited Clippyterm 3263 | -10/Subcaves | Identified exit to Recycling 3450 | -10/Subcaves | Discovered new exit (range 15) 3691 | -10/Subcaves | Core integrity fell below 20% 4334 | -10/Subcaves | Visited 4L-MR0's lab 4396 | -10/Subcaves | Found Arachnoskeleton 4791 | -10/Subcaves | Build established: Scavenger-Mutant 4804 | -10/Subcaves | Destroyed by G-47 Trooper with Particle Gun Last Messages --------------- 04429_ Acquired Sml. Storage Unit. 04436_ Acquired Grenade Launcher. 04443_ Acquired Sub. Laser. 04450_ Acquired Sub. Beam Cannon. 04458_ Acquired Spk. Treads. 04483_ Dropped Sml. Storage Unit. 04502_ Dropped Humpback. 04504_ Acquired Lrg. Storage Unit. 04507_ Acquired Grenade Launcher. 04509_ Subatomizers dissect the Heat Sink. 04510_ Acquired Lgt. Armor Plating. 04514_ Acquired Humpback. 04516_ Acquired Mak. Light Armor Plating. 04519_ Acquired Enh. Flamer. 04522_ Acquired Spk. Treads. 04524_ Acquired Hvy. Assault Rifle. 04527_ Acquired Sub. Beam Cannon. 04529_ Acquired Sub. Laser. 04599_ Acquired 26 matter. 04664_ Sub. Power Source shoots sparks and powers down. Map ----- +----------------------------------------------------+ | ????## ## ## ####???# ## #???? | | ????# ##??## ##???? | | ????## #### ##??# #????? | | ?????# ####??## ### #?## #?###? | | ?????# ##??????###?## ### ### # | | ?????## ##????????????## ## ##### | | ????### #?????#####????# #????# | | ????# #???? ???## #?????# | | ????# #???? #??## #????## | | ????# ##?? #???# #????# | | ????#### #?# #???# #?????# | | ???????## ## ????# #?????# | | ????????## #?????# ####### | | ?????????# #??????# # # | | ?????????## ### #???????#### ### | | ??????????## #### #????????### #?# # | | ??????????## ## #????##### ##?# ### | | ??????????# #?????# #?## #?? | | ????####??#### #####?# ### ##?? | | ????# ####??## #### #### ##### ##?? | | ???## ##??## #??# #?# ##???# ##### #?? | | #### ##?## #???# ### #????# #???###?? | | " ### ### ####?# #?#### ##???????# | | ## < ## # ### ### ###?????## | | ## ## # g ### #???### | | "# ####### g @ ### ##???# | | # ## # ##???# # ####### #????# | | #" ## ##### ####?????## ######????## | | ### ## ## ##?????????####???????????### | | & #?#### #???????????????????????????? | | #"" #??## #???????????????????????????? | | ###" ### #### ##???????????????????????????? | | ["## ## #??# ##???????????????????????????? | | #%"## # #??## ##??????????????????????????? | | #""## #???# #??????????????????????????? | | ###### ##???## #??????????????????????????? | | ?????# #?????### ##?????????????????????????? | | ?????# #?######## #?????????????????????????? | | ?????# #?# # #?????????????????????????? | | ?????# ### #?## #?????????????????????????? | | ?????## ## #???## ##?????????????????????????? | | ?????# # #????# #??????????????????????????? | | ?????## #????# #????????????????????????### | | ??????# #???## #????????????????????????#"" | | ??????## ## ##?## ##????????????????????????#" | | ???????#### ### ##????????????????????#### | | ??????????# ## #???????????????????## " | | ??????????## ###### #???????????????##### # " | | ???????????####????# ##???????????????# # ## # | | ??????????????????## #????????????????# # ###### | +----------------------------------------------------+ Best States ------------- Heat Dissipation 35 Energy Generation 15 Energy Capacity 250 Matter Stores 300 Matter Capacity 300 Sight Range 16 Terrain Scan Density 10 Armor Coverage 150 Evasion (%) 55 Recoil Reduction 2 Item Schematics ----------------- Hcp. Storage Unit | -10/Materials | Hacked Huge Storage Unit | -10/Materials | Hacked Robot Schematics ------------------ None Fabricated ------------ Nothing Alien Tech Used ----------------- None Achievements -------------- None Challenges ------------ None Game ------ Seed DisassembledHoverTube Manual? 0 Play Time 00:19:20 Cumulative 412.8 hours Start 2024.07.28 @ 21:08:49 End 2024.07.28 @ 21:27:06 Sessions 1 Manual Loads 0 Difficulty Rogue Special Mode None Game No. 425 Rogue 425 Adventurer 0 Explorer 0 Win Type - Total 30 Types 16/3/5/1/2/0/3/0/0 Lore% 81 Gallery% 87 Achievement% 82 Wizard Run 0 Options --------- Layout 0 ASCII 0 Keyboard 0 Movement Arrows Keybinds 0 Fullscreen 2 Font 24/Smallcaps Map View 76x50 Zoom Use 0% Tactical HUD 1 Map Filters NONE Filters NONE Steam 1 RUN: 49eacdd0-811a-4afe-8048-5bc0f3a6443b